 Dungeon Crawl Stone Soup version 0.29.0-11-gd7f09526c8 (webtiles) character file.

Game seed: 2396400058320927422

60 SensoryNuts the Conjurer (level 3, -1/14 HPs)
             Began as a Felid Conjurer on Sept 6, 2022.
             Slain by Robin
             ... wielding a +2 vampiric spear
              (3 damage)
             ... on level 2 of the Dungeon.
             The game lasted 00:04:21 (2593 turns).

SensoryNuts the Conjurer (Felid Conjurer)           Turns: 2593, Time: 00:04:21

Health: -1/14      AC:  1    Str:  3    XL:     3   Next: 82%
Magic:  3/8        EV: 17    Int: 21    God:
Gold:   58         SH:  0    Dex: 14    Spells: 4/8 levels left
                                        Lives:  0   Deaths: 1

rFire   . . .      SeeInvis +   (weapon unavailable)
rCold   . . .      Faith    .   (shield unavailable)
rNeg    . . .      Spirit   .   (body armour unavailable)
rPois   .          Reflect  .   (helmet unavailable)
rElec   .          Harm     .   (cloak unavailable)
rCorr   .          Rampage  .   (gloves unavailable)
Will    .....                   (boots unavailable)
Stlth   ++........              (no amulet)
HPRegen 0.04/turn               (no ring)
MPRegen 0.11/turn               (no ring)

@: about to teleport, quick
A: very small, claws 1, fangs 3, see invisible, speed 1, shaggy fur 1, stealthy
paws, no weapons or thrown items, no armour, multi-lived
a: no special abilities


You were on level 2 of the Dungeon.
You visited 1 branch of the dungeon, and saw 2 of its levels.

You collected 58 gold pieces.

Inventory:

Jewellery
 a - a ring of protection from fire
 e - a ring of flight
Scrolls
 c - a scroll of amnesia
 f - a scroll of enchant armour {unknown}
 g - 3 scrolls of blinking {unknown}
 h - a scroll of poison {unknown}
 i - a scroll of summoning {unknown}
Potions
 d - a potion of cancellation
 j - a potion of haste {unknown}


   Skills:
 + Level 0.1 Fighting
 + Level 3.1 Dodging
 + Level 3.2 Stealth
 + Level 0.1 Unarmed Combat
 + Level 3.0 Spellcasting
 + Level 4.8 Conjurations


You had 4 spell levels left.
You knew the following spells:

 Your Spells              Type           Power      Damage    Failure   Level
a - Magic Dart            Conj           92%        1d7       1%          1
b - Searing Ray           Conj           46%        2d6       2%          2
c - Slow                  Hex            12%        N/A       13%         1

Your spell library contained the following spells:

 Spells                   Type           Power      Damage    Failure   Level
 Dazzling Flash           Conj/Hex       26%        N/A       14%         3
 Confusing Touch          Hex            3%         N/A       36%         3
 Vampiric Draining        Necr           3%         2d6       36%         3
 Fulminant Prism          Conj/Hex       6%         3d7       43%         4
 Iskenderun's Mystic Bla  Conj/Tloc      13%        2d5       43%         4


Dungeon Overview and Level Annotations

Branches:
Dungeon (2/15)

Altars:

Annotations:
D:2 Robin


Innate Abilities, Weirdness & Mutations

You have sharp claws.
You have razor-sharp teeth.
You have supernaturally acute eyesight. (SInv)
You cover ground quickly. (Speed+)
You are covered in fur. (AC +1)
Your paws help you pounce on unaware monsters.
You are incapable of wielding weapons or throwing items.
You cannot wear armour.
You gain extra lives every three experience levels.


Message History

You rejoin the land of the living...
There is an open door here.
j - a fizzy grey potion 2 goblins come into view.
There are monsters nearby!
There are monsters nearby!
The magic dart hits the goblin.
You kill the goblin!
The goblin shouts!
The magic dart hits the goblin.
You kill the goblin!
Your Spellcasting skill increases to level 3!
Casting: Magic Dart (safe; 1% risk of failure)
Confirm with . or Enter, or press ? or * to list all spells.
You can't see any susceptible monsters within range! (Use Z to cast anyway.) Robin roars a battlecry!
The goblin goes into a battle-frenzy!
The magic dart hits the goblin.
The goblin is almost dead.
Robin throws the goblin at you! The goblin hits you with a +0 dagger.
The magic dart hits the goblin.
You kill the goblin!
The magic dart hits Robin.
Robin is almost dead.
Robin roars a battlecry!
A goblin comes into view. It is wielding a +0 club.
The magic dart hits Robin but does no damage.
Robin is almost dead.
The hobgoblin shouts!
You hear a shout!
Robin throws the goblin at you! The goblin hits you with a +0 club.
* * * LOW HITPOINT WARNING * * *
You are too injured to fight recklessly!
Unknown command.
Sorry, you're not good enough to have a special ability.
As you read the scroll of teleportation, it crumbles to dust.
You feel strangely unstable. The goblin misses you.
Things that are here:
a +0 dagger; a goblin corpse Robin hits you from afar with a +2 vampiric spear.
You die...

#### #..........#..#
#........#).......###..#
##........#.............#
..........#........###...
?..................######
........#.........(.... .!...
#............##
.......####.#####'##........#
.......g.gg.@)g..##..÷.....#
..)......g########........#
g))g###### #........# ...#
####........# ..#
###...........## #g#
#.............#. #g#
#..).##~#.....#. #†####
#.†#≈#≈≈###...#. #gg..#
#..#≈≈≈≈≈ #..##.


You could see Robin, 3 hobgoblins and 2 goblins.

Vanquished Creatures
  An orc wizard (D:2)
  4 adders (D:2)
  A worm (D:2)
  A dart slug (D:2)
  3 orcs (D:2)
  4 ball pythons
  4 endoplasms
  A giant cockroach (D:2)
  6 goblins
  3 hobgoblins
  4 quokkas
  5 bats
  6 frilled lizards
  4 kobolds
  8 rats
55 creatures vanquished.

Notes
Turn   | Place    | Note
-------+----------+-------------------------------------------
     0 | D:1      | SensoryNuts the Felid Conjurer began the quest for the Orb.
     0 | D:1      | Reached XP level 1. HP: 7/7 MP: 4/4
   151 | D:1      | Reached skill level 4 in Conjurations
   205 | D:1      | Reached XP level 2. HP: 11/11 MP: 3/6
  1241 | D:2      | Reached XP level 3. HP: 14/14 MP: 5/7
  1828 | D:2      | Reached XP level 4. HP: 18/18 MP: 4/8
  2177 | D:2      | Learned a level 2 spell: Searing Ray
  2180 | D:2      | Learned a level 1 spell: Slow
  2501 | D:2      | Noticed Robin
  2512 | D:2      | Slain by a goblin
  2513 | D:2      | Reached XP level 3. HP: 0/14 MP: 0/8
  2593 | D:2      | Slain by Robin

Illustrated notes

Levels and vault maps discovered:
D:1:      mrwooster_arrival_statue_2, layout_loops_ring,
          shapermc_ecumenical_altar_petra
D:2:      layout_basic, minivault_4, uniq_robin

Skill      XL: |  1  2  3 |
---------------+----------+-----
Conjurations   | 4 |  4.8
Stealth        | 3 |  3.2
Dodging        | 3 |  3.1
Spellcasting   | 3 |  3.0
Fighting       | |  0.1
Unarmed Combat | |  0.1

Action                   |  1- 3 |  4- 6 || total
-------------------------+-------+-------++-------
Melee: Unarmed           |    11 |     1 ||    12
       Bite              |     3 |     1 ||     4
 Cast: Magic Dart        |    85 |    47 ||   132
  Use: Potion            |     1 |       ||     1
       Scroll            |     5 |     1 ||     6
 Stab: Sleeping          |     1 |       ||     1
Armor: Skin              |     1 |     2 ||     3
Dodge: Dodged            |    27 |     8 ||    35
